Map: Troizinia LE

Players

Ace

  • Race: Protoss Protoss
  • Spawn Location: 12:00

Zeta

  • Race: Protoss Protoss
  • Spawn Location: 11:00

BILLYBOY

  • Race: Protoss Protoss
  • Spawn Location: 9:00

cannon

  • Race: Terran Terran
  • Spawn Location: 11:00

Victor - Winner!

  • Race: Protoss Protoss
  • Spawn Location: 6:00

Infamous - Winner!

  • Race: Protoss Protoss
  • League: Silver
  • Spawn Location: 3:00

Alex - Winner!

  • Race: Zerg Zerg
  • Spawn Location: 5:00

Jonathan - Winner!

  • Race: Protoss Protoss
  • Spawn Location: 5:00

VOD

Have the link to the VOD?

Description

Time

  • Played on: March 22, 2018, 8:33 a.m.
  • Length: 20:48
Show
View Real Time Build Order
Export as new Build Order

Ace Protoss 

Build Orders: Nexus First 

Get SALT Encoding   

  12  0:03  Probe  
  13  0:19  Pylon  
  13  0:20  Probe  
  14  0:32  Probe (Chrono Boost)  
  15  0:45  Probe (Chrono Boost)  
  16  0:52  Probe (Chrono Boost)  
  17  1:04  Nexus  
  17  1:09  Probe  
  18  1:22  Pylon  
  18  1:24  Probe (Chrono Boost)  
  19  1:36  Probe (Chrono Boost)  
  20  1:40  Probe (Chrono Boost)  
  21  1:52  Nexus  
  21  2:05  Probe (Chrono Boost)  
  22  2:11  Forge  
  22  2:17  Probe (Chrono Boost)  
  23  2:26  Probe (Chrono Boost)  
  23  2:29  Probe (Chrono Boost)  
  25  2:36  Probe x2 (Chrono Boost)  
  26  2:38  Pylon  
  26  2:43  Probe  
  28  2:51  Probe  
  28  2:56  Assimilator  
  28  2:57  Probe (Chrono Boost), Assimilator  
  29  3:01  Gateway  
  29  3:03  Pylon, Probe (Chrono Boost)  
  29  3:04  Probe (Chrono Boost)  
  33  3:13  Probe x2 (Chrono Boost)  
  33  3:14  Probe (Chrono Boost)  
  33  3:18  Probe x2 (Chrono Boost)  
  34  3:20  Probe  
  37  3:37  Photon Cannon  
  37  3:42  Photon Cannon  
  37  3:47  Photon Cannon  
  37  3:49  Zealot  
  37  3:53  Cybernetics Core  
  39  3:58  Probe x2 (Chrono Boost)  
  41  4:06  Probe (Chrono Boost)  
  43  4:10  Probe (Chrono Boost)  
  43  4:12  Assimilator  
  43  4:15  Probe (Chrono Boost), Assimilator  
  43  4:16  Probe (Chrono Boost)  
  44  4:21  Pylon  
  44  4:22  Probe (Chrono Boost)  
  45  4:30  Probe x2  
  47  4:32  Stalker  
  47  4:33  Probe  
  47  4:38  Robotics Facility  
  50  4:42  Pylon, Probe x2  
  50  4:45  Probe, Gateway  
  52  4:46  Pylon, Gateway  
  52  4:47  Protoss Ground Weapons Level 1 (Chrono Boost)  
  52  4:50  Gateway  
  53  5:00  Forge  
  53  5:04  Pylon  
  53  5:13  Warp Gate  
  53  5:15  Probe (Chrono Boost)  
  53  5:19  Probe (Chrono Boost)  
  53  5:20  Probe (Chrono Boost)  
  56  5:22  Assimilator  
  56  5:23  Assimilator  
  56  5:25  Probe (Chrono Boost)  
  59  5:28  Probe x2 (Chrono Boost)  
  59  5:29  Protoss Ground Armor Level 1 (Chrono Boost)  
  59  5:30  Photon Cannon  
  59  5:31  Pylon  
  59  5:32  Pylon  
  59  5:38  Probe  
  59  5:39  Probe  
  59  5:40  Observer  
  59  5:41  Probe  
  63  5:51  Probe x2  
  63  5:53  Probe  
  66  6:03  Probe x2  
  68  6:05  Probe, Adept  
  68  6:06  Adept x3  
  68  6:07  Immortal  
  81  6:34  Protoss Shields Level 1 (Chrono Boost)  
  81  6:39  Twilight Council  
  81  6:41  Gateway  
  81  6:55  Stalker x3  
  89  7:06  Immortal  
  93  7:21  Pylon, Nexus  
  93  7:24  Pylon  
  93  7:27  Pylon  
  93  7:33  Blink (Chrono Boost)  
  93  7:46  Observer (Chrono Boost)  
  93  7:47  Pylon  
  94  7:52  Protoss Ground Armor Level 2 (Chrono Boost)  
  94  7:56  Photon Cannon x2  
  94  7:58  Gateway  
  94  7:59  Observer (Chrono Boost)  
  94  8:02  Assimilator  
  94  8:03  Assimilator  
  94  8:04  Photon Cannon  
  94  8:05  Photon Cannon x2  
  95  8:09  Gateway  
  95  8:10  Gateway x2  
  95  8:11  Protoss Ground Weapons Level 2 (Chrono Boost)  
  93  8:30  Immortal (Chrono Boost)  
  97  9:03  Observer (Chrono Boost)  
  97  9:07  Stalker x2  
  97  9:08  Stalker x4  
  97  9:09  Pylon, Stalker  
  112  9:16  Pylon  
  112  9:19  Templar Archives  
  112  9:22  Charge (Chrono Boost)  
  112  9:25  Gateway  
  79  9:45  Stalker x3  
  79  9:46  Stalker x4  
  79  9:47  Stalker  
  79  9:48  Stalker, Protoss Ground Armor Level 3 (Chrono Boost)  
  79  9:52  Pylon  
  93  9:58  Immortal  
  91  10:00  Pylon  
  91  10:04  Protoss Shields Level 2 (Chrono Boost)  
  91  10:15  Photon Cannon  
  91  10:18  Photon Cannon  
  91  10:19  Photon Cannon  
  91  10:21  Psionic Storm  
  90  10:23  Photon Cannon  
  90  10:24  Pylon  
  90  10:27  Pylon  
  90  10:29  High Templar  
  90  10:30  High Templar x6  
  90  10:31  High Templar  
  106  10:44  Probe (Chrono Boost)  
  106  10:49  Probe (Chrono Boost)  
  110  10:50  Probe x2 (Chrono Boost)  
  112  10:58  Probe x2 (Chrono Boost)  
  112  10:59  Observer  
  113  11:06  Stalker x2  
  113  11:07  Stalker x7  
  131  11:20  Observer  
  132  11:42  Observer  
  133  11:56  Robotics Facility  
  133  11:59  Robotics Facility  
  133  12:01  Immortal (Chrono Boost)  
  129  12:30  Archon x3  
  107  12:49  Stalker x5  
  107  12:50  Stalker x2  
  107  12:51  Immortal  
  107  12:52  Immortal  
  93  13:27  Stalker x5  
  93  13:28  Stalker x2  
  93  13:50  Immortal x3  
  93  13:52  High Templar x4  
  93  13:53  High Templar x3  
  109  14:05  Archon x2  
  109  14:06  Archon  
    17:45  Stalker  
Show
View Real Time Build Order
Export as new Build Order

Zeta Protoss 

Build Orders: Double Forge 

Get SALT Encoding   

  12  1:48  Probe  
  13  1:54  Pylon  
  13  1:59  Assimilator  
  13  2:03  Pylon  
  13  2:05  Probe  
  14  2:08  Assimilator  
  14  2:14  Gateway  
  14  2:18  Probe, Forge  
  14  2:20  Forge  
  15  2:25  Pylon, Forge  
  15  2:29  Pylon  
  15  2:30  Probe, Gateway  
  15  2:33  Gateway  
  16  2:42  Probe  
  17  2:54  Probe  
  18  3:02  Zealot  
  20  3:06  Probe  
  21  3:18  Probe  
  22  3:20  Zealot x2  
  26  3:29  Zealot  
  26  3:30  Probe  
  26  3:34  Cybernetics Core  
  29  3:47  Zealot x2  
  33  3:49  Protoss Ground Weapons Level 1  
  33  3:52  Probe  
  34  3:56  Zealot  
  34  4:01  Protoss Ground Armor Level 1  
  36  4:13  Pylon  
  36  4:21  Robotics Facility  
  36  4:31  Stalker  
  36  4:36  Stalker  
  40  4:48  Stalker  
  42  5:02  Pylon  
  42  5:04  Stalker  
  42  5:05  Pylon  
  44  5:17  Stalker  
  46  5:29  Stalker  
  46  5:32  Observer  
  49  5:37  Warp Gate  
  49  5:48  Probe  
  50  5:54  Stalker  
  50  5:56  Stalker  
  54  6:21  Nexus  
  54  6:25  Pylon  
  54  6:30  Assimilator  
  54  6:34  Assimilator  
  54  6:39  Stalker  
  48  7:00  Photon Cannon  
  44  7:02  Photon Cannon  
  42  7:12  Photon Cannon  
  42  7:18  Photon Cannon  
  42  7:29  Pylon  
  42  7:32  Probe  
  42  7:33  Probe  
  44  7:47  Photon Cannon  
  44  7:52  Photon Cannon  
  44  7:57  Probe  
  44  7:58  Probe  
  46  8:20  Stalker  
  46  8:21  Stalker  
  50  8:31  Photon Cannon  
  50  8:34  Pylon  
  50  8:40  Pylon  
  50  8:42  Probe  
  50  8:45  Probe  
  52  9:01  Sentry x3  
  58  9:09  Protoss Shields Level 1  
  58  9:13  Probe  
  58  9:14  Probe  
  60  9:26  Probe x2, Photon Cannon  
  62  9:32  Photon Cannon  
  62  9:44  Stalker x2  
  66  9:57  Probe  
  66  9:58  Probe  
  68  10:09  Probe  
  68  10:10  Probe  
  70  10:21  Probe, Stalker  
  70  10:22  Probe, Stalker x2  
  78  10:43  Nexus  
  78  10:46  Assimilator  
  78  10:50  Assimilator  
  78  10:54  Pylon  
  78  10:57  Pylon  
  44  11:11  Stalker x2  
  44  11:12  Stalker  
  50  11:35  Stalker x3  
  56  11:44  Photon Cannon  
  56  11:47  Photon Cannon  
  56  11:49  Photon Cannon  
  56  12:08  Nexus  
  56  12:15  Twilight Council  
  56  12:17  Pylon x2  
  56  12:19  Gateway  
  56  12:20  Pylon  
  56  12:26  Pylon  
  56  12:28  Pylon  
  56  12:36  Stalker x3  
  58  13:12  Stalker x3  
  38  13:37  Stalker x3  
  42  13:59  Probe  
  42  14:00  Probe  
  44  14:04  Assimilator  
  44  14:08  Assimilator  
  44  14:09  Pylon  
  40  14:11  Probe  
  40  14:12  Probe  
  40  14:13  Pylon  
  42  14:17  Photon Cannon  
  42  14:19  Stalker x3  
  42  14:21  Photon Cannon  
  42  14:23  Probe  
  50  14:24  Probe  
  50  14:36  Probe x2  
  52  14:48  Probe x2  
  52  14:50  Stalker x3  
  60  17:54  Stalker  
  60  17:55  Stalker x2  
  66  18:05  Pylon, Stalker  
  68  18:15  Immortal  
Show
View Real Time Build Order
Export as new Build Order

BILLYBOY Protoss 

Build Orders: Cannon Rush 

Get SALT Encoding   

  12  0:03  Probe (Chrono Boost)  
  13  0:12  Probe (Chrono Boost)  
  14  0:17  Probe (Chrono Boost)  
  15  0:26  Pylon  
  15  0:44  Probe  
  15  0:49  Forge  
  16  0:57  Probe, Pylon  
  17  1:04  Pylon  
  17  1:09  Probe (Chrono Boost)  
  19  1:18  Probe (Chrono Boost)  
  19  1:23  Probe (Chrono Boost)  
  19  1:24  Photon Cannon  
  20  1:30  Photon Cannon  
  20  1:40  Photon Cannon  
  20  1:43  Assimilator  
  20  1:49  Probe  
  21  2:01  Probe (Chrono Boost)  
  21  2:02  Gateway  
  22  2:09  Assimilator  
  22  2:13  Probe (Chrono Boost)  
  23  2:18  Probe (Chrono Boost)  
  24  2:26  Photon Cannon  
  24  2:28  Probe  
  25  2:40  Probe  
  26  2:52  Probe, Cybernetics Core  
  26  2:58  Pylon  
  27  3:02  Pylon  
  27  3:04  Probe  
  28  3:13  Pylon  
  28  3:16  Probe  
  28  3:18  Gateway  
  29  3:23  Gateway  
  29  3:25  Gateway  
  29  3:26  Warp Gate (Chrono Boost)  
  29  3:40  Robotics Facility  
  29  3:49  Gateway  
  29  3:59  Gateway  
  29  4:19  Twilight Council  
  29  4:27  Warp Prism  
  31  4:44  Gateway  
  31  4:47  Gateway  
  31  4:52  Pylon  
  31  5:03  Dark Shrine  
  31  6:41  Dark Templar  
  31  6:42  Dark Templar x4  
  31  6:43  Dark Templar x3  
  31  7:16  Dark Templar  
  31  7:18  Zealot x3  
  31  7:19  Zealot x3  
  31  7:20  Zealot  
  31  7:38  Charge  
  29  7:49  Stalker x2  
  33  7:51  Zealot  
  33  7:52  Zealot x4  
  33  7:53  Zealot  
  44  8:41  Stalker x2  
  44  8:42  Stalker  
  44  8:44  Zealot x3  
  44  8:45  Zealot  
  58  9:06  Sentry  
  58  9:07  Sentry  
  62  9:29  Stalker x2  
  66  9:33  Sentry  
  68  9:56  Stalker  
  70  10:12  Pylon  
  70  10:16  Pylon  
  70  10:38  Sentry  
  70  10:42  Stalker  
  74  10:46  Sentry  
  76  11:10  Zealot  
  76  11:11  Zealot x2  
  82  11:22  Sentry x2  
  86  11:51  Pylon  
  86  11:52  Pylon  
  86  12:10  Stalker  
  86  12:11  Stalker  
  90  12:15  Sentry  
  28  13:28  Dark Templar  
  28  13:29  Dark Templar x4  
  31  15:04  Dark Templar x3  
  31  15:05  Dark Templar x4  
  31  15:06  Dark Templar  
  37  15:38  Dark Templar x2  
  37  15:39  Dark Templar x5  
  37  15:40  Dark Templar  
  53  16:30  Dark Templar  
  53  16:31  Dark Templar x5  
  53  16:32  Dark Templar x2  
  14  18:22  Stalker  
Show
View Real Time Build Order
Export as new Build Order

cannon Terran 

Build Orders:  

Get SALT Encoding   

  12  0:53  SCV  
  13  1:06  SCV  
  13  1:08  Supply Depot  
  13  1:10  Command Center  
  14  1:14  Refinery  
  14  1:18  SCV  
  15  1:25  Refinery  
  15  1:30  SCV  
  16  1:42  SCV  
  17  1:54  SCV  
  18  2:06  SCV  
  19  2:18  SCV  
  19  2:19  Barracks  
  20  2:24  SCV  
  21  2:30  SCV  
  21  2:37  SCV  
  23  2:42  SCV  
  24  2:49  SCV  
  25  2:52  Engineering Bay  
  25  2:54  SCV  
  26  3:01  SCV  
  27  3:07  SCV  
  27  3:08  Refinery  
  28  3:13  SCV, Refinery  
  28  3:17  Barracks Reactor  
  28  3:19  SCV  
  30  3:23  Terran Infantry Weapons Level 1  
  30  3:25  SCV  
  31  3:31  SCV  
  32  3:37  SCV  
  33  3:45  SCV  
  34  3:49  SCV  
  35  3:57  SCV  
  35  4:01  SCV  
  37  4:08  Supply Depot, Marine  
  38  4:24  Orbital Command  
  38  4:29  Marine x2, SCV  
  41  4:32  Supply Depot  
  41  4:40  Supply Depot  
  41  4:41  SCV  
  41  4:42  Supply Depot x2  
  42  4:47  Marine x2  
  42  4:50  SCV  
  45  4:53  SCV  
  46  5:02  SCV  
  46  5:04  Supply Depot  
  46  5:05  Marine x2  
  46  5:06  SCV  
  50  5:18  SCV  
  51  5:30  SCV  
  52  5:49  Marine x2  
  54  6:06  Marine  
  54  6:07  Marine  
  54  6:11  Planetary Fortress  
  56  6:13  Command Center  
  56  6:24  Marine x2  
  53  6:42  Marine x2  
  53  7:00  Marine x2  
  55  7:04  Terran Infantry Armor Level 1  
  55  7:15  Factory  
  55  7:16  Factory  
  55  7:17  Factory  
  55  7:18  Marine x2, Factory  
  55  7:20  Factory  
  57  7:40  SCV  
  58  7:52  SCV  
  55  8:04  SCV, Factory Tech Lab  
  55  8:05  Factory Tech Lab x3  
  56  8:13  Factory Tech Lab  
  56  8:16  SCV  
  57  8:28  SCV  
  58  8:40  Planetary Fortress  
  58  8:45  Missile Turret  
  58  8:46  Missile Turret  
  58  8:47  Missile Turret  
  58  8:48  Missile Turret x2  
  58  9:06  Missile Turret  
  58  9:08  Missile Turret  
  58  9:10  Missile Turret  
  58  9:12  Missile Turret  
  58  9:16  Hellion x3, Refinery  
  58  9:17  Hellion x2  
  68  9:21  Infernal Pre-Igniter  
  68  9:22  Rapid Fire Launchers  
  68  9:25  Marine x2  
  68  9:28  Missile Turret  
  68  9:30  Refinery  
  70  9:37  Hellion  
  70  9:38  Hellion x4  
  80  9:43  Marine x2  
  83  9:52  SCV  
  83  9:59  Hellion x5  
  93  10:01  Marine x2  
  93  10:04  SCV  
  96  10:17  SCV  
  96  10:19  Marine x2  
  96  10:20  Hellion x2  
  96  10:21  Hellion x3  
  109  10:26  SCV  
  110  10:29  SCV  
  111  10:36  Marine  
  111  10:37  Marine  
  111  10:38  SCV  
  111  10:41  Hellion, SCV  
  111  10:42  Hellion x4, Missile Turret  
  125  10:46  Missile Turret  
  125  10:47  Missile Turret  
  125  10:49  Missile Turret  
  125  10:50  SCV  
  125  10:54  Marine x2  
  128  11:02  SCV  
  128  11:03  Hellion x2  
  133  11:17  Hellion  
  133  11:20  SCV  
  133  11:21  Hellion x2  
  133  11:24  Siege Tank x2  
  78  11:39  Siege Tank  
  81  11:42  Siege Tank x2  
  81  11:46  SCV  
  88  11:58  SCV  
  88  11:59  Siege Tank x2  
  95  12:06  SCV  
  96  12:11  Siege Tank  
  96  12:14  Siege Tank x2  
  105  12:18  SCV  
  106  12:30  Missile Turret, SCV  
  106  12:31  Missile Turret, Siege Tank x2  
  113  12:43  Siege Tank, SCV  
  111  12:46  Siege Tank x2  
  87  13:31  Marine x2  
  79  13:42  Missile Turret  
  79  13:44  Missile Turret x4  
  79  13:47  Siege Tank x5  
  94  13:48  Marine  
  94  13:49  Marine  
  96  14:04  Missile Turret  
  96  14:05  Missile Turret  
  96  14:06  Marine x2  
  98  14:19  Siege Tank x5  
  113  14:24  Marine x2, Missile Turret  
  113  14:25  Missile Turret  
  115  14:34  Missile Turret  
  109  14:56  Missile Turret  
  96  15:00  Marine x2  
  78  15:14  Missile Turret  
  78  15:15  Missile Turret  
  78  15:18  Marine x2  
  67  15:33  Missile Turret  
  67  15:34  Missile Turret  
  67  15:36  Marine x2  
  58  15:53  Marine  
  58  15:54  Marine  
  50  16:15  Barracks x2  
  50  16:16  Barracks x2  
  50  16:17  Barracks  
  48  16:20  Barracks  
  48  16:25  Barracks  
  48  16:26  Supply Depot  
  48  16:27  Supply Depot  
  48  16:28  Barracks  
  45  16:56  Supply Depot  
  29  17:10  Siege Tank  
  30  17:32  Command Center  
  29  17:38  Widow Mine  
  31  17:57  Widow Mine  
  31  17:58  Widow Mine  
  31  18:00  Widow Mine  
  31  18:01  Siege Tank  
  21  18:19  Widow Mine  
  22  18:20  Widow Mine  
  22  18:21  Widow Mine  
  23  18:33  Siege Tank  
  26  18:40  Widow Mine  
  30  18:41  Hellion  
  30  18:44  Hellion  
  32  18:54  SCV  
  33  19:02  Hellion x2, Engineering Bay  
  37  19:05  Hellion, Siege Tank  
  37  19:06  SCV  
  43  19:11  Supply Depot  
  43  19:18  SCV  
  43  19:23  Hellion  
  46  19:33  SCV, Widow Mine  
  46  19:35  Supply Depot  
  46  19:38  Widow Mine  
Show
View Real Time Build Order
Export as new Build Order

Victor Protoss - Winner!

Build Orders: Forge Fast Expand (FFE) 

Get SALT Encoding   

  12  0:02  Probe  
  13  0:14  Probe  
  14  0:26  Probe  
  15  0:32  Pylon  
  15  0:53  Forge  
  15  1:00  Gateway  
  15  1:12  Pylon  
  15  1:26  Nexus  
  15  1:42  Photon Cannon  
  15  1:51  Assimilator  
  15  1:57  Assimilator  
  15  2:14  Probe (Chrono Boost)  
  16  2:25  Probe (Chrono Boost)  
  17  2:30  Probe (Chrono Boost)  
  18  2:40  Probe  
  19  2:45  Pylon  
  19  2:51  Probe  
  20  2:53  Probe  
  21  3:03  Probe  
  22  3:15  Probe  
  23  3:21  Cybernetics Core  
  23  3:27  Probe, Assimilator  
  24  3:34  Pylon  
  24  3:39  Probe  
  25  3:43  Probe  
  26  3:51  Probe  
  26  3:55  Probe, Photon Cannon  
  28  4:03  Probe  
  28  4:07  Probe  
  28  4:09  Stargate  
  30  4:16  Probe  
  31  4:19  Probe  
  32  4:26  Assimilator  
  32  4:28  Probe  
  33  4:31  Probe  
  34  4:40  Probe  
  34  4:43  Probe  
  36  4:45  Photon Cannon  
  36  4:52  Probe  
  37  4:55  Probe  
  38  5:02  Stargate  
  38  5:04  Probe, Stargate  
  39  5:08  Probe, Stargate  
  39  5:09  Stargate  
  39  5:47  Pylon  
  39  5:56  Phoenix (Chrono Boost)  
  39  5:57  Phoenix x3 (Chrono Boost)  
  47  5:58  Phoenix (Chrono Boost)  
  51  6:18  Phoenix (Chrono Boost)  
  51  6:19  Phoenix (Chrono Boost)  
  51  6:20  Phoenix (Chrono Boost)  
  51  6:21  Phoenix x2 (Chrono Boost)  
  57  7:54  Nexus  
  57  7:59  Pylon  
  57  8:00  Pylon  
  57  8:04  Pylon  
  57  8:06  Pylon  
  57  8:11  Photon Cannon  
  57  8:15  Photon Cannon  
  57  8:16  Phoenix x3  
  57  8:18  Phoenix x2  
  67  8:37  Photon Cannon  
  67  8:41  Phoenix x2  
  67  8:43  Phoenix x2  
  75  9:01  Phoenix  
  77  9:05  Pylon  
  77  9:08  Pylon  
  77  9:10  Pylon  
  77  9:42  Phoenix x4  
  77  9:43  Phoenix  
  87  10:07  Phoenix x4  
  95  10:32  Phoenix x3  
  99  11:17  Phoenix x2  
  99  11:18  Phoenix  
  105  11:40  Phoenix x2  
  105  11:42  Phoenix x2  
  73  13:06  Phoenix x5  
  77  13:31  Phoenix x3  
  71  13:52  Phoenix x2  
  71  13:56  Phoenix x3  
  73  14:17  Phoenix x2  
  73  14:21  Phoenix x2  
  77  15:24  Phoenix x3  
  77  15:25  Phoenix x2  
  87  15:49  Phoenix x3  
  93  15:50  Phoenix x2  
  83  16:37  Phoenix x4  
  83  16:38  Phoenix  
  89  17:02  Phoenix  
  89  17:43  Phoenix x5  
  99  18:08  Phoenix x2  
  101  19:06  Phoenix x3  
  107  20:10  Nexus  
  107  20:12  Assimilator  
  107  20:17  Assimilator  
  107  20:19  Pylon  
  107  20:30  Pylon  
  107  20:31  Nexus  
  107  20:33  Assimilator  
  107  20:37  Assimilator  
Show
View Real Time Build Order
Export as new Build Order

Infamous Protoss - Winner!

Build Orders:  

Get SALT Encoding   

  12  0:02  Probe  
  13  0:15  Probe  
  13  0:21  Pylon  
  14  0:27  Probe  
  15  0:39  Gateway  
  15  0:43  Probe  
  16  0:57  Probe (Chrono Boost), Assimilator  
  17  1:09  Probe (Chrono Boost)  
  18  1:13  Pylon  
  18  1:18  Probe (Chrono Boost)  
  19  1:28  Cybernetics Core  
  19  1:29  Probe  
  20  1:42  Probe  
  21  1:47  Assimilator  
  21  2:00  Probe  
  22  2:03  Gateway x2, Warp Gate (Chrono Boost)  
  21  2:16  Pylon  
  21  2:17  Stalker (Chrono Boost)  
  23  2:34  Probe  
  24  2:40  Twilight Council  
  24  2:54  Sentry, Zealot x2  
  24  2:57  Probe  
  31  3:10  Probe  
  32  3:22  Nexus  
  32  3:28  Pylon  
  32  3:29  Probe  
  33  3:39  Templar Archives  
  33  3:41  Probe  
  34  3:54  Probe  
  35  4:01  Pylon  
  35  4:02  Stalker  
  37  4:05  Sentry  
  37  4:06  Probe  
  40  4:11  Charge (Chrono Boost)  
  40  4:18  Probe  
  41  4:35  Probe x2 (Chrono Boost), Gateway  
  43  4:47  Probe (Chrono Boost)  
  43  4:51  High Templar  
  47  4:52  Probe (Chrono Boost), Sentry  
  47  4:54  Zealot  
  47  4:56  Assimilator  
  51  5:00  Assimilator  
  51  5:10  Probe x2  
  53  5:14  Pylon  
  53  5:16  Pylon  
  53  5:24  Probe (Chrono Boost)  
  53  5:27  Psionic Storm  
  55  5:29  Probe (Chrono Boost)  
  55  5:37  Zealot x3  
  61  5:50  Probe (Chrono Boost)  
  61  5:55  Probe (Chrono Boost)  
  63  6:04  Probe x2 (Chrono Boost)  
  64  6:05  Forge  
  65  6:13  Shield Battery  
  65  6:14  Probe  
  65  6:18  High Templar x2  
  68  6:19  High Templar  
  68  6:21  Zealot  
  74  6:39  Protoss Ground Weapons Level 1 (Chrono Boost)  
  74  6:40  Probe, Gateway  
  74  6:41  Probe  
  74  6:42  Gateway  
  74  6:45  Gateway  
  74  6:46  Forge  
  76  6:57  Stalker x3  
  76  6:58  Stalker  
  84  7:06  Probe  
  84  7:07  Probe  
  86  7:21  Shield Battery  
  86  7:23  Photon Cannon  
  86  7:42  Pylon  
  86  7:44  Pylon  
  86  7:46  Protoss Ground Armor Level 1 (Chrono Boost)  
  86  7:50  Pylon  
  86  7:53  Pylon  
  86  8:01  High Templar x4  
  86  8:04  Zealot x3  
  100  8:08  Protoss Shields Level 1 (Chrono Boost)  
  100  8:18  Probe x2  
  102  8:27  Archon  
  102  8:28  Archon  
  102  8:30  Probe x2, Archon  
  104  8:34  High Templar x3  
  104  8:36  Zealot  
  104  8:40  Stalker  
  114  8:43  Zealot x2  
  118  9:09  Gateway  
  118  9:27  Pylon  
  118  9:31  Pylon  
  118  9:45  Probe x2  
  120  9:51  Nexus  
  120  9:53  Pylon  
  120  9:56  Pylon  
  120  9:58  Pylon  
  120  10:00  Archon  
  120  10:01  Protoss Ground Weapons Level 2 (Chrono Boost)  
  120  10:03  Protoss Ground Armor Level 2 (Chrono Boost)  
  120  10:11  Stalker x2  
  120  10:12  Stalker x5  
  134  10:29  Probe x2  
  136  10:36  High Templar x3  
  136  10:37  High Templar  
  136  10:40  Stalker  
  136  10:42  Zealot  
  148  10:43  Zealot  
  150  10:59  Gateway  
  150  11:03  Gateway  
  150  11:04  Gateway  
  150  11:06  Probe x3  
  153  11:39  Assimilator  
  153  11:43  Assimilator  
  153  11:46  Photon Cannon  
  153  11:47  Photon Cannon  
  153  11:49  Photon Cannon  
  153  11:50  Sentry x2  
  153  11:52  Photon Cannon  
  153  11:54  Photon Cannon, High Templar x3  
  157  11:55  High Templar  
  157  11:56  Photon Cannon  
  165  12:27  Protoss Ground Weapons Level 3 (Chrono Boost)  
  159  12:44  Archon x3  
  143  12:45  Archon x2  
  137  12:55  Stalker x3  
  137  12:56  Stalker x5  
  101  13:28  Zealot x5  
  101  13:29  Zealot x3  
  117  13:46  Probe x3  
  106  13:52  Protoss Ground Armor Level 3 (Chrono Boost)  
  92  13:58  Probe  
  63  14:14  Zealot x3  
  63  14:15  Zealot x6  
  63  14:16  Zealot x2  
  83  14:20  Probe x2  
  85  14:33  Probe x2  
  85  14:34  Probe  
  88  14:39  High Templar x5  
  88  14:40  High Templar x2  
  88  14:42  Stalker  
  104  14:49  Archon x2  
  104  15:05  Robotics Facility  
  104  15:27  Shield Battery  
  104  15:30  Photon Cannon  
  104  15:31  Photon Cannon  
  104  15:32  Stalker x3  
  104  15:33  Stalker x2  
  104  15:34  Stalker x3  
  104  15:35  Stalker x3  
  126  15:46  Probe  
  126  15:47  Probe x2  
  126  15:48  Observer  
  129  15:50  Protoss Shields Level 2 (Chrono Boost)  
  130  16:16  Sentry x3  
  130  16:17  Sentry  
  138  16:19  Zealot  
  138  16:20  Zealot  
  138  16:21  Zealot x5  
  152  16:33  Nexus  
  152  16:37  Pylon x2  
  152  16:38  Pylon  
  115  17:20  Zealot  
  115  17:21  Zealot x5  
  115  17:22  Zealot x5  
  137  17:40  Photon Cannon x2  
  137  17:42  Photon Cannon  
  137  17:44  Photon Cannon, Stalker x3  
  137  17:45  Stalker x4, Photon Cannon  
  137  17:46  Stalker x2  
  137  17:47  Photon Cannon  
  137  17:48  Photon Cannon  
  137  17:49  Sentry  
  137  17:50  Sentry  
  157  18:29  Stalker x2  
  157  18:30  Stalker x5  
  157  18:31  Stalker x4  
  171  18:48  Assimilator  
  171  18:52  Assimilator  
  171  18:59  High Templar  
  173  19:34  High Templar  
  173  19:35  High Templar  
  139  20:04  High Templar  
Show
View Real Time Build Order
Export as new Build Order

Alex Zerg - Winner!

Build Orders: Hatch First, Swarm Host 

Get SALT Encoding   

  12  0:01  Drone  
  13  0:13  Overlord  
  13  0:19  Drone  
  14  0:32  Drone  
  14  0:33  Drone  
  16  0:39  Drone  
  17  0:57  Hatchery  
  17  1:00  Drone  
  17  1:05  Extractor  
  17  1:06  Drone  
  17  1:08  Drone  
  18  1:20  Spawning Pool  
  18  1:23  Drone  
  19  1:32  Drone  
  19  1:40  Overlord  
  19  1:58  Drone  
  20  2:09  Metabolic Boost  
  20  2:10  Zergling x4  
  20  2:11  Queen  
  20  2:14  Queen  
  26  2:18  Drone  
  26  2:21  Drone  
  28  2:24  Drone  
  29  2:38  Drone x2  
  29  2:42  Drone  
  32  2:44  Overlord  
  32  2:54  Drone  
  32  2:56  Drone  
  34  3:03  Drone  
  35  3:07  Drone  
  36  3:18  Drone  
  36  3:19  Drone  
  38  3:21  Drone  
  38  3:22  Drone x2  
  41  3:37  Zergling x6  
  41  3:38  Overlord  
  43  3:59  Zergling x2  
  43  4:00  Zergling x6, Baneling Nest  
  46  4:08  Drone  
  46  4:09  Zergling x4  
  50  4:17  Zergling x6  
  50  4:19  Overlord  
  52  4:29  Overlord  
  52  4:30  Overlord  
  52  4:44  Zergling x2  
  52  4:45  Zergling x12  
  55  5:27  Zergling x14  
  55  5:28  Zergling x8  
  66  5:31  Drone  
  66  5:34  Lair  
  67  5:53  Baneling  
  67  5:54  Baneling x16  
  67  6:10  Extractor  
  67  6:11  Drone x4  
  67  6:12  Drone x6  
  67  6:14  Overlord  
  67  6:15  Extractor  
  73  6:36  Zergling x2  
  73  6:37  Zergling x6  
  75  6:54  Overseer  
  60  7:15  Zergling x10  
  52  7:16  Zergling x10  
  59  7:23  Zergling x2  
  59  7:37  Zergling x8  
  61  7:40  Extractor  
  61  7:43  Drone  
  61  7:44  Drone  
  64  7:48  Evolution Chamber  
  64  7:49  Evolution Chamber  
  59  8:06  Drone x4  
  58  8:41  Zergling x2  
  58  8:42  Zergling x18  
  58  8:46  Zerg Ground Armor Level 1, Zerg Melee Weapons Level 1  
  58  8:47  Centrifical Hooks  
  68  8:57  Zergling x4  
  68  9:00  Spire  
  69  9:04  Baneling  
  69  9:05  Baneling x2, Hatchery  
  69  9:06  Baneling x10  
  69  9:09  Pneumatized Carapace  
  68  9:19  Zergling x16  
  76  9:27  Infestation Pit  
  69  9:42  Zergling x12  
  71  10:01  Zergling x2  
  71  10:02  Zergling x10  
  77  10:16  Zergling x2  
  77  10:17  Zergling x2  
  79  10:25  Queen  
  81  10:28  Drone  
  81  10:29  Drone x7  
  89  10:43  Baneling x10  
  89  10:44  Baneling x13  
  89  10:47  Overlord x5  
  89  10:53  Overlord  
  78  11:10  Zergling x2  
  78  11:11  Zergling x18  
  88  11:20  Zerg Melee Weapons Level 2  
  88  11:21  Zerg Ground Armor Level 2  
  88  11:24  Hive  
  88  11:36  Baneling  
  88  11:37  Baneling x14  
  88  11:38  Zergling x10  
  88  11:39  Zergling x10  
  98  11:45  Extractor x2  
  96  11:48  Zerg Flyer Weapons Level 1  
  56  12:44  Zergling x2  
  56  12:45  Zergling x32  
  56  12:46  Zergling x4  
  75  12:52  Zergling x4  
  75  13:01  Zergling x6  
  78  13:12  Zergling x4  
  68  13:19  Zergling x8  
  62  13:35  Hatchery  
  62  13:36  Swarm Host x3  
  62  13:37  Swarm Host x3  
  62  13:40  Zerg Missile Weapons Level 1  
  79  13:41  Zerg Melee Weapons Level 3  
  79  13:43  Swarm Host x3  
  79  13:47  Baneling  
  79  13:48  Baneling x11  
  88  13:49  Baneling  
  88  13:50  Baneling x4  
  88  13:52  Zergling x4  
  90  14:11  Adrenal Glands, Hatchery  
  90  14:13  Zergling x14  
  96  14:21  Swarm Host  
  99  14:30  Zergling x8  
  103  14:36  Swarm Host x2  
  109  14:43  Swarm Host x2  
  109  14:44  Swarm Host  
  118  14:52  Overseer x6  
  118  14:53  Overseer  
  111  15:13  Zergling x2  
  111  15:14  Zergling x16  
  119  15:30  Drone x2  
  119  15:31  Drone x7  
  128  15:45  Zergling x2  
  128  15:46  Zergling x12  
  128  15:48  Overlord  
  135  15:52  Zerg Ground Armor Level 3  
  135  15:58  Baneling  
  135  16:04  Baneling x10  
  135  16:05  Baneling x11, Queen  
  135  16:07  Zergling x8  
  135  16:08  Zergling x2  
  142  16:23  Overlord x2  
  142  16:32  Overlord  
  142  16:33  Overlord x2  
  142  16:40  Queen  
  124  17:53  Swarm Host x13  
  124  17:54  Swarm Host  
  124  17:55  Overlord  
  124  17:56  Overlord x4  
  166  18:24  Swarm Host x2  
  172  18:35  Hatchery  
  166  19:03  Swarm Host x6  
  166  19:04  Swarm Host x2  
  190  19:14  Baneling  
  190  19:15  Baneling x8  
  190  19:16  Baneling  
  190  19:19  Baneling x3  
  190  19:21  Baneling  
  190  19:22  Baneling  
  190  19:35  Baneling  
Show
View Real Time Build Order
Export as new Build Order

Jonathan Protoss - Winner!

Build Orders: Double Forge 

Get SALT Encoding   

  12  0:03  Probe  
  13  0:16  Probe  
  14  0:27  Pylon  
  14  0:28  Probe  
  15  0:45  Probe  
  16  1:06  Nexus  
  16  1:19  Gateway  
  16  1:22  Gateway  
  16  1:28  Assimilator  
  16  1:31  Probe  
  17  1:33  Assimilator  
  17  1:43  Probe  
  18  1:55  Probe  
  18  1:57  Pylon  
  19  2:01  Pylon  
  19  2:08  Probe  
  20  2:19  Cybernetics Core  
  20  2:20  Probe  
  20  2:21  Probe  
  22  2:32  Probe  
  22  2:33  Probe  
  24  2:40  Zealot x2  
  28  2:45  Probe  
  28  2:47  Assimilator  
  28  2:48  Warp Gate (Chrono Boost)  
  29  2:51  Assimilator  
  29  2:57  Probe  
  30  3:02  Probe  
  31  3:09  Probe  
  32  3:14  Probe  
  33  3:21  Probe  
  33  3:26  Probe  
  35  3:33  Probe  
  36  3:34  Pylon  
  36  3:35  Pylon  
  36  3:38  Probe, Twilight Council  
  37  3:46  Probe  
  38  3:58  Probe  
  38  4:02  Forge x2  
  39  4:04  Forge  
  39  4:10  Probe x2  
  41  4:22  Probe x2  
  43  4:31  Nexus  
  43  4:33  Assimilator  
  43  4:34  Probe x2  
  43  4:36  Charge (Chrono Boost)  
  45  4:38  Assimilator  
  45  4:42  Protoss Ground Armor Level 1 (Chrono Boost)  
  45  4:46  Probe  
  46  4:55  Protoss Ground Weapons Level 1 (Chrono Boost)  
  46  4:58  Probe  
  47  5:08  Probe  
  47  5:10  Protoss Shields Level 1 (Chrono Boost), Probe  
  49  5:20  Probe, Dark Shrine  
  50  5:27  Gateway  
  50  5:28  Gateway  
  50  5:30  Pylon x2  
  50  5:32  Probe  
  51  5:44  Probe, Robotics Facility  
  51  5:46  Robotics Facility  
  52  5:53  Probe  
  52  5:56  Probe  
  54  5:57  Probe  
  55  6:05  Probe, Zealot  
  55  6:09  Probe x2, Blink  
  60  6:18  Probe  
  61  6:21  Probe x2  
  63  6:29  Zealot x2  
  63  6:30  Zealot x2  
  71  6:33  Probe x2  
  73  6:41  Observer x2  
  73  6:45  Probe  
  76  6:49  Protoss Ground Armor Level 2 (Chrono Boost)  
  76  6:50  Protoss Ground Weapons Level 2 (Chrono Boost)  
  76  7:00  Dark Templar x4  
  84  7:17  Protoss Shields Level 2 (Chrono Boost)  
  84  7:29  Robotics Bay  
  84  7:34  Robotics Facility  
  84  7:36  Robotics Facility  
  84  7:41  Gateway  
  84  7:43  Gateway x2  
  84  7:44  Gateway  
  84  7:47  Stalker x2  
  84  7:48  Pylon, Stalker x2  
  92  8:05  Probe  
  93  8:11  Immortal x2  
  101  8:15  Dark Templar x2  
  101  8:17  Probe  
  106  8:29  Probe  
  107  8:34  Extended Thermal Lance  
  107  8:44  Pylon  
  107  8:46  Pylon x2  
  107  8:47  Pylon  
  107  8:49  Pylon  
  107  8:50  Pylon x2  
  107  9:02  Colossus  
  113  9:08  Stalker  
  113  9:09  Stalker x3  
  112  9:24  Protoss Ground Armor Level 3 (Chrono Boost)  
  112  10:14  Observer Gravitic Boosters  
  112  10:22  Stalker x2  
  112  10:23  Stalker x4  
  112  10:24  Stalker  
  112  10:25  Stalker  
  112  10:27  Protoss Ground Weapons Level 3 (Chrono Boost)  
  112  10:28  Protoss Shields Level 3 (Chrono Boost)  
  128  10:37  Colossus x2  
  128  10:38  Colossus  
  146  10:45  Shadow Stride  
  146  10:51  Zealot x3  
  146  10:52  Zealot x5  
  162  11:16  Stalker  
  156  11:28  Assimilator, Nexus  
  156  11:32  Assimilator  
  144  11:37  Stalker x3  
  144  11:38  Stalker x4  
  158  11:43  Colossus  
  164  11:52  Pylon x2  
  164  11:53  Pylon  
  164  11:56  Pylon  
  164  12:09  Colossus  
  164  12:10  Colossus  
  176  12:39  Probe  
  176  12:42  Probe  
  178  12:47  Dark Templar x2  
  178  12:48  Dark Templar x4  
  178  12:49  Dark Templar x2  
  195  12:51  Probe  
  195  12:54  Probe  
  196  13:03  Probe  
  197  13:06  Probe  
  194  13:42  Stalker x3  
  173  14:51  Observer x3  
  140  15:13  Stalker  
  140  15:14  Stalker x4  
  144  15:15  Stalker x2  
  131  16:08  Probe  
  112  16:13  Stalker x4  
  80  16:20  Probe  
  77  16:25  Observer (Chrono Boost)  
  77  16:26  Observer (Chrono Boost)  
  77  16:32  Probe  
  85  16:33  Colossus (Chrono Boost), Observer (Chrono Boost)  
  85  16:38  Stalker x3  
  91  16:42  Colossus (Chrono Boost)  
  91  16:44  Colossus (Chrono Boost), Probe  
  104  16:53  Colossus (Chrono Boost)  
  110  16:56  Probe  
  111  17:08  Probe  
  111  17:09  Dark Templar x4  
  120  17:17  Gravitic Drive  
  126  17:23  Colossus (Chrono Boost)  
  132  17:30  Colossus (Chrono Boost)  
  132  17:31  Stalker x3  
  144  17:44  Observer (Chrono Boost)  
  145  17:47  Colossus (Chrono Boost)  
  145  17:57  Colossus (Chrono Boost)  
  145  18:03  Colossus  
  157  18:13  Colossus  
  163  18:33  Colossus  
  169  18:48  Colossus  
  173  18:56  Colossus  
  179  19:06  Colossus  
Tags
 
Add a new tag
Caveats
  • Supply blocks, unpowered buildings, or Contaminate may cause inaccurate times.
  • Supply counts are checked every 10 seconds.